 Dungeon Crawl Stone Soup version 0.22.1-2-g9c5b331383 (webtiles) character file.

1159 Jynx the Cudgeler (level 8, -4/51 HPs)
             Began as a Gargoyle Fighter on Dec 30, 2018.
             Was a Follower of Okawaru.
             Slain by a two-headed ogre
             ... wielding a +0 giant club
              (13 damage)
             ... on level 6 of the Dungeon.
             The game lasted 00:08:05 (5513 turns).

Jynx the Cudgeler (Gargoyle Fighter)                Turns: 5513, Time: 00:08:05

Health: -4/51      AC: 19    Str: 25    XL:     8   Next: 39%
Magic:  8/8        EV:  6    Int:  9    God:    Okawaru [*.....]
Gold:   283        SH: 11    Dex: 11    Spells: 7/7 levels left

rFire    . . .     SeeInvis .   a - +0 flail
rCold    . . .     Gourm    .   c - +1 shield
rNeg     + . .     Faith    .   w - +0 chain mail
rPois    ∞         Spirit   .   v - +0 helmet
rElec    +         Reflect  .   g - scarf {repulsion}
rCorr    .         Harm     .   (no gloves)
MR       .....                  (no boots)
Stlth    ..........             (no amulet)
HPRegen  0.17/turn              s - +3 ring of protection
MPRegen  0.11/turn              (no ring)

@: mighty, marked, repel missiles
A: negative energy resistance 1, electricity resistance, unbreathing,
petrification resistance, rot immunity, AC +5
a: Heroism, Renounce Religion


You were on level 6 of the Dungeon.
You worshipped Okawaru.
Okawaru was aware of your devotion.
You were not hungry.

You visited 2 branches of the dungeon, and saw 7 of its levels.

You collected 283 gold pieces.

Inventory:

Hand Weapons
 a - a +0 flail (weapon)
Armour
 c - a +1 shield (worn)
 g - a scarf of repulsion (worn)
 v - a +0 helmet (worn)
 w - a +0 chain mail (worn)
Jewellery
 s - a +3 ring of protection (left hand)
Wands
 u - a wand of acid (7)
Scrolls
 b - a scroll of random uselessness {unknown}
 e - a scroll of fog {unknown}
 h - 5 scrolls of teleportation
 j - 3 scrolls of remove curse
 k - a scroll of enchant armour
 l - 4 scrolls of amnesia
Potions
 d - a potion of might
 i - a potion of heal wounds {unknown}
 m - 2 potions of magic
 n - 2 potions of haste {unknown}
 o - 2 potions of lignification
 p - a potion of flight {unknown}
 q - a potion of berserk rage {unknown}
 r - a potion of cancellation {unknown}
 t - a potion of mutation {unknown}
Comestibles
 f - 15 rations


   Skills:
 + Level 5.7 Fighting
 * Level 6.4 Maces & Flails
 + Level 5.7 Armour
 + Level 5.7 Shields


You had 7 spell levels left.
You didn't know any spells.
Your spell library contained the following spells:

 Spells                   Type           Power        Failure   Level  Hunger
 Animate Skeleton         Necr           N/A          100%        1    ##.....
 Pain                     Necr           #...         100%        1    ##.....
 Regeneration             Chrm/Necr      #.........   100%        3    ####...
 Vampiric Draining        Necr           #.........   100%        3    ####...
 Animate Dead             Necr           N/A          100%        4    #####..


Dungeon Overview and Level Annotations

Branches:
Dungeon (6/15)             Temple (1/1) D:5

Altars:
Fedhas
Gozag
Hepliaklqana
Nemelex Xobeh
Okawaru
Qazlal
Uskayaw
The Shining One

Shops:
D:5 }!


Innate Abilities, Weirdness & Mutations

You are resistant to torment.
Your stone body is resilient. (AC +5)
You are immune to poison.
You resist negative energy. (rN+)
You are resistant to electric shocks. (rElec)
You can survive without breathing.
You are immune to petrification.
You are immune to rotting.


Message History

The orc wizard casts a spell.
The orc wizard blinks!
A phantom comes into view.
You block the orc wizard's attack.
The orc wizard gestures at you while chanting.
The magic dart hits you!
The orc wizard mumbles some strange words.
The orc wizard blinks!
You feel very mighty all of a sudden. The two-headed ogre barely misses you.
The two-headed ogre hits you but does no damage.
You sock the two-headed ogre!
The two-headed ogre is heavily wounded.
You block the two-headed ogre's attack.
The two-headed ogre hits you but does no damage.
You bludgeon the two-headed ogre!!
The two-headed ogre is severely wounded.
An orc wizard comes into view. It is wielding a dagger of venom.
The two-headed ogre hits you with a giant club!
You die...

########### #.........#
#.#######.# #.#
####'#### #.# #.......#
#.# #.......# #@#
#.......# ## #O#
#.......+ ..
#S####.......##
####oo..o.W>.....#
###..ooS..###.####.##
#.o.......+.........#
#.#.......###.###.#.###
#.#.......# #..........
#o#.......# #####.##.##


You could see a two-headed ogre, an orc warrior, 2 orc wizards, 2 adders and an
orc.

Vanquished Creatures
  2 black bears (D:6)
  A sky beast (D:6)
  2 centaurs (D:5)
  3 ogres
  A scorpion (D:6)
  A crimson imp (D:5)
  A hound (D:5)
  2 orc wizards
  Terence (D:2)
  An iguana (D:6)
  2 worker ants (D:5)
  A hound zombie (D:5)
  Robin (D:2)
  A hound skeleton (D:2)
  7 adders
  An ooze (D:4)
  An adder skeleton (D:6)
  2 worms
  2 dart slugs (D:1)
  3 leopard geckos
  11 orcs
  3 ball pythons
  8 bats
  4 giant cockroaches
  17 goblins
  8 hobgoblins
  4 jackals (D:4)
  3 quokkas
  2 frilled lizards
  5 kobolds
  A leopard gecko skeleton (D:6)
  A quokka zombie (D:6)
  12 rats
115 creatures vanquished.

Notes
Turn   | Place    | Note
-------+----------+-------------------------------------------
     0 | D:1      | Jynx the Gargoyle Fighter began the quest for the Orb.
     0 | D:1      | Reached XP level 1. HP: 14/14 MP: 1/1
   232 | D:1      | Reached XP level 2. HP: 19/19 MP: 2/2
   637 | D:1      | Reached XP level 3. HP: 23/23 MP: 3/3
  1131 | D:2      | Noticed Robin
  1428 | D:2      | Killed Robin
  1428 | D:2      | Reached skill level 3 in Maces & Flails
  1428 | D:2      | Reached XP level 4. HP: 29/29 MP: 4/4
  1891 | D:2      | Noticed Terence
  1903 | D:2      | Killed Terence
  1903 | D:2      | Reached XP level 5. HP: 26/33 MP: 5/5
  2366 | D:3      | Found a faded altar of an unknown god.
  2480 | D:3      | Reached skill level 4 in Maces & Flails
  3050 | D:4      | Reached XP level 6. HP: 38/38 MP: 6/6
  3817 | D:4      | Found a hazy altar of Hepliaklqana.
  3947 | D:5      | Entered Level 5 of the Dungeon
  3947 | D:5      | Found Norejun's Distillery.
  3947 | D:5      | Found Ady Siom's Gadget Shoppe.
  3998 | D:5      | Found a staircase to the Ecumenical Temple.
  4009 | Temple   | Entered the Ecumenical Temple
  4016 | Temple   | Became a worshipper of Warmaster Okawaru
  4047 | D:5      | Reached XP level 7. HP: 27/44 MP: 7/7
  4416 | D:5      | Reached skill level 5 in Maces & Flails
  4420 | D:5      | Reached skill level 5 in Fighting
  4420 | D:5      | Reached skill level 5 in Armour
  4420 | D:5      | Reached skill level 5 in Shields
  4444 | D:5      | Found a hide-covered altar of Uskayaw.
  4516 | D:5      | Reached * piety under Okawaru
  5064 | D:6      | Reached XP level 8. HP: 45/50 MP: 8/8
  5103 | D:6      | Reached skill level 6 in Maces & Flails
  5495 | D:6      | Noticed a two-headed ogre
  5513 | D:6      | Slain by a two-headed ogre

Skill      XL: |  1  2  3  4  5  6  7  8 |
---------------+-------------------------+-----
Maces & Flails | 3 4 5 6 |  6.4
Fighting       | 4 5 |  5.7
Armour         | 4 5 |  5.7
Shields        | 4 5 |  5.7

Action                   |  1- 3 |  4- 6 |  7- 9 || total
-------------------------+-------+-------+-------++-------
Melee: Flail             |   133 |   253 |   181 ||   567
  Use: Scroll            |     4 |     5 |     2 ||    11
       Potion            |       |     1 |     2 ||     3
  Eat: Chunk             |     2 |     9 |     5 ||    16
Armor: Scale mail        |    81 |   214 |    24 ||   319
       Chain mail        |       |       |    96 ||    96
Dodge: Dodged            |    52 |   121 |    46 ||   219
       Deflected         |     1 |     2 |       ||     3
Block: Shield            |    97 |   204 |   118 ||   419
